 Dungeon Crawl Stone Soup version 0.20-a0-1050-g57248f3 (webtiles) character file.

93 Gorglomux the Chopper (level 4, 0/39 HPs)
             Began as a Hill Orc Monk on Apr 25, 2017.
             Slain by an ooze (1 damage)
             ... on level 3 of the Dungeon.
             The game lasted 00:03:47 (2098 turns).

Gorglomux the Chopper (Hill Orc Monk)               Turns: 2098, Time: 00:03:48

Health: 0/39       AC:  2    Str: 14    XL:     4   Next: 61%
Magic:  4/4        EV: 13    Int: 10    God:
Gold:   97         SH:  0    Dex: 13    Spells: 3/3 levels left

rFire    . . .     SeeInvis .   l - +0 war axe
rCold    . . .     Gourm    .   (no shield)
rNeg     . . .     Faith    .   b - +0 robe
rPois    .         Spirit   .   (no helmet)
rElec    .         Reflect  .   (no cloak)
rCorr    .         Harm     .   (no gloves)
MR       .....                  (no boots)
Stlth    ++........             (no amulet)
Regen    0.2/turn               (no ring)
MPRegen  0.1/turn               (no ring)

@: lethally poisoned (0 -> -9), very slightly contaminated, hasted, invisible,
very quick
A: no striking features
a: no special abilities


You were on level 3 of the Dungeon.
You were not hungry.

You visited 1 branch of the dungeon, and saw 3 of its levels.

You collected 97 gold pieces.

Inventory:

Hand Weapons
 a - a +0 hand axe
 l - a +0 war axe (weapon)
   (You found it on level 2 of the Dungeon)
Armour
 b - a +0 robe (worn)
Scrolls
 d - a scroll of teleportation {unknown}
 e - a scroll of immolation {unknown}
 i - a scroll of fear {unknown}
 m - a scroll of enchant armour {unknown}
 n - a scroll of identify {unknown}
Potions
 g - a potion of haste
Comestibles
 c - 2 bread rations {@e1@e1}
 j - a meat ration {@e2@e2}
 k - a fruit


   Skills:
 - Level 3.6 Fighting
 + Level 6.9 Axes
 - Level 2.4 Dodging
 - Level 1.5 Stealth


You had 3 spell levels left.
You didn't know any spells.

Dungeon Overview and Level Annotations

Branches:
Dungeon (3/15)

Altars:


Message History

No target in view!
No target in view!
No target in view!
No target in view!
No target in view!
No target in view!
No target in view!
No target in view!
No target in view!
Eating a chunk of flesh {@w0@w0}.
You eat the chunk of flesh {@w0@w0}.
There is a stone staircase leading down here.
There is a stone staircase leading down here.
You see here a club.
You see here a hand axe.
You see here a runed hunting sling.
Done exploring.
Done exploring.
No target in view!
(D) Dungeon
Where to? (Enter - D:2, ? - help)
You see here a club.
There is a stone staircase leading down here.
You climb downwards.
A leopard gecko, an ooze, 2 goblins, a kobold and 3 orcs come into view.
An orc is wielding a dagger of venom.
The orc shouts! x2; The leopard gecko hisses angrily.
There is a stone staircase leading up here.
There are monsters nearby!
There are monsters nearby!
You strike the helpless kobold from behind!
You hit the kobold.
You kill the kobold!
The goblin shouts!
The goblin unwields an uncursed club.
The goblin wields a hunting sling.
The goblin shoots a stone.
The stone misses you. The hobgoblin hits you.
You take 2 damage, and have 37/39 hp.
You closely miss the hobgoblin. The hobgoblin barely misses you.
The goblin shoots a stone.
The stone closely misses you.
The orc shouts!
You hit the hobgoblin but do no damage.
Unknown command.
You slash the leopard gecko!
You kill the leopard gecko!
You hit the hobgoblin. You hit the goblin.
You kill the goblin!
You hit the orc but do no damage. The orc hits you but does no damage.
You are poisoned.
The hobgoblin closely misses you.
You slash the hobgoblin!
You kill the hobgoblin!
You hit the ooze. You hit the orc but do no damage. You closely miss the orc.
You feel sick. The ooze hits you. The orc completely misses you.
The orc hits you but does no damage.
You are more poisoned.
You take 3 damage, and have 34/39 hp.
You hit the ooze but do no damage. You closely miss the orc.
You barely miss the orc. You hit the orc.
You feel sick. The ooze closely misses you. The orc hits you.
The orc hits you with a club.
The orc hits you with a dagger of venom.
You are more poisoned.
The ooze hits you.
You take 12 damage, and have 22/39 hp.
MASSIVE DAMAGE!!
You feel sick.
There is a stone staircase leading up here.
You take 2 damage, and have 20/39 hp.
You feel sick. The orc hits you.
You take 6 damage, and have 14/39 hp.
You feel sick.
You take 1 damage, and have 13/39 hp.
You feel sick.
You take 1 damage, and have 12/39 hp.
* * * LOW HITPOINT WARNING * * *
You feel sick.
You take 2 damage, and have 10/39 hp.
* * * LOW HITPOINT WARNING * * *
You feel sick.
You take 1 damage, and have 9/39 hp.
It was a potion of haste.
You feel yourself speed up.
* * * LOW HITPOINT WARNING * * *
You feel sick. The ooze hits you but does no damage.
You take 1 damage, and have 8/39 hp.
It was a potion of invisibility.
You fade into invisibility!
* * * LOW HITPOINT WARNING * * *
You feel sick. The ooze hits you.
* * * LOW HITPOINT WARNING * * *
You are very lightly contaminated with residual magic.
You take 5 damage, and have 3/39 hp.
You slash the ooze!
* * * LOW HITPOINT WARNING * * *
You feel sick. The ooze hits you but does no damage.
You take 1 damage, and have 2/39 hp.
You hit the ooze.
* * * LOW HITPOINT WARNING * * *
You feel sick.
You take 1 damage, and have 1/39 hp.
You barely miss the ooze. The ooze hits you.
You die...

...............
#?.............
#.....)........
#...........!..
#.....†<.......
#......o.......
#..............
###.###o#(#####
#..@Jo..(..#
#####.##.#...
..# .# .. ###
.# .


You could see an ooze and 2 orcs.

Vanquished Creatures
  A gnoll (D:1)
  An adder (D:2)
  3 worms (D:2)
  5 dart slugs
  3 leopard geckos
  3 giant cockroaches
  10 goblins
  8 hobgoblins
  5 kobolds
  A quokka (D:2)
  3 bats
  4 frilled lizards
  4 rats
51 creatures vanquished.

Notes
Turn   | Place    | Note
-------+----------+-------------------------------------------
     0 | D:1      | Gorglomux the Hill Orc Monk began the quest for the Orb.
     0 | D:1      | Reached XP level 1. HP: 19/19 MP: 1/1
   107 | D:1      | Reached XP level 2. HP: 19/26 MP: 2/2
   178 | D:1      | Reached skill level 5 in Axes
   490 | D:1      | Reached XP level 3. HP: 25/31 MP: 3/3
   961 | D:2      | Reached skill level 6 in Axes
  1280 | D:2      | Reached XP level 4. HP: 36/39 MP: 4/4
  1318 | D:2      | Gorglomux: !ghostkill
  1318 | D:2      | Gorglomux: !ghostratio
  1318 | D:2      | beem: The ghost of Gorglomux has killed 11 players, but Gorglomux has died to 21 ghosts: 52%
  2093 | D:3      | HP: 9/39 [poisoned by an orc]
  2095 | D:3      | HP: 3/39 [ooze (5)]
  2097 | D:3      | HP: 1/39 [poisoned by an orc]
  2098 | D:3      | Slain by an ooze

Vault maps used:
D:1:      saegor_arrival_miasma, kennysheep_decorative_pillar

Skill      XL: |  1  2  3 |
---------------+----------+-----
Axes           | 5 6 |  6.9
Fighting       | |  3.6
Dodging        | |  2.4
Stealth        | |  1.5

Action                   |  1- 3 |  4- 6 || total
-------------------------+-------+-------++-------
Melee: Hand axe          |    90 |       ||    90
       War axe           |    13 |    61 ||    74
  Use: Potion            |       |     2 ||     2
 Stab: Distracted        |       |     2 ||     2
       Sleeping          |       |     2 ||     2
  Eat: Chunk             |     1 |     3 ||     4
Armor: Robe              |    10 |    13 ||    23
Dodge: Dodged            |    63 |    40 ||   103

Vault maps used:
D:1:      saegor_arrival_miasma, kennysheep_decorative_pillar

Table legend:
 A = Turns spent in this place as a percentage of turns spent in the entire game.
 B = Non-inter-level travel turns spent in this place as a percentage of non-inter-level travel turns spent in the entire game.
 C = Inter-level travel turns spent in this place as a percentage of turns spent in this place.
 D = Turns resting spent in this place as a percentage of non-inter-level travel turns spent in this place.
 E = Turns spent auto-exploring this place as a percentage of non-inter-level travel turns spent in this place.
 F = Non-inter-level travel turns spent in this place divided by the number of levels of this place that you've seen.
                   A       B       C       D       E      F
               +-------+-------+-------+-------+-------+----------------------
         Total | 100.0 | 100.0 |   0.3 |   1.7 |   7.0 | 250.7
       Dungeon | 100.0 | 100.0 |   0.3 |   1.7 |   7.0 | 250.7
               +-------+-------+-------+-------+-------+----------------------

Table legend:
 A = Kills in this place as a percentage of kills in entire the game.
 B = Kills by you in this place as a percentage of kills by you in the entire game.
 C = Kills by friends in this place as a percentage of kills by friends in the entire game.
 D = Other kills in this place as a percentage of other kills in the entire game.
 E = Experience gained in this place as a percentage of experience gained in the entire game.
 F = Experience gained in this place divided by the number of levels of this place that you have seen.
                   A       B       C       D       E      F
               +-------+-------+-------+-------+-------+----------------------
         Total | 100.0 | 100.0 |  -nan |  -nan | 100.0 |  44.3
       Dungeon | 100.0 | 100.0 |  -nan |  -nan | 100.0 |  44.3
               +-------+-------+-------+-------+-------+----------------------
